 Dungeon Crawl Stone Soup version 0.18-a0-1702-gd20c6a5 (webtiles) character file.

7830 wvc the Basher (level 11, -1/120 HPs)
             Began as a Human Necromancer on Apr 6, 2016.
             Was a Believer of Cheibriados.
             Slain by a wraith (5 damage)
             ... led by Josephine
             ... on level 10 of the Dungeon.
             The game lasted 00:26:05 (10511 turns).

wvc the Basher (Human Necromancer)                 Turns: 10511, Time: 00:26:06

Health: -1/120     AC: 25    Str: 13      XL:     11   Next: 44%
Magic:  14/14      EV:  2    Int: 28 (32) God:    Cheibriados [**....]
Gold:   476        SH:  0    Dex: 15 (17) Spells: 2 memorised, 10 levels left

rFire  . . .     SeeInvis .     D - +5 whip "Qitydi" {slash, Int+5}
rCold  . . .     Gourm    +     (armour currently unavailable)
rNeg   + + +     Faith    .     (no shield)
rPois  +         Spirit   .     (helmet currently unavailable)
rElec  .         Dismiss  .     (cloak currently unavailable)
rCorr  .         Reflect  .     (gloves currently unavailable)
SustAt .         Harm     .     (boots currently unavailable)
MR     .....     Clarity  +     B - amulet of the gourmand
Stlth  ++........ NoTele   +    f - +4 ring of intelligence
                                K - ring of positive energy

@: tree-form, drained, very slow, not resistant to hostile enchantments,
unstealthy
A: (horns 0), blurry vision 1, clarity, (deformed body), deterioration 1, frail
1, MP-powered wands
a: Bend Time, Renounce Religion


You were on level 10 of the Dungeon.
You worshipped Cheibriados.
Cheibriados was pleased with you.
You were completely stuffed.
You were a tree.
You visited 2 branches of the dungeon, and saw 11 of its levels.

You collected 558 gold pieces.
You spent 82 gold pieces at shops.

Inventory:

Hand Weapons
 g - a +0 blowgun
 h - a +3 quarterstaff of chaos
 l - a +0 mace of protection
 p - a +0 flail
 w - a +0 morningstar
 D - the +5 whip "Qitydi" (weapon) {slash, Int+5}
   (You found it on level 7 of the Dungeon)

   It inflicts extra damage upon your enemies.
   It affects your intelligence (+5).
 F - a +2 whip of freezing
Missiles
 i - 2 needles of sleeping
 o - 2 curare-tipped needles
 R - 4 throwing nets (quivered)
Armour
 e - a +1 helmet
 j - a +0 cloak (melded)
 t - a +1 pair of boots (melded)
 x - a +0 shield
 y - a +3 leather armour of fire resistance (melded)
 I - a +0 pair of gloves (melded)
Jewellery
 f - a +4 ring of intelligence (right branch)
 k - an uncursed ring of resist corrosion
 n - an uncursed ring of protection from fire
 q - an uncursed ring of stealth
 B - an amulet of the gourmand (around neck)
 G - an uncursed ring of flight
 K - a ring of positive energy (left branch)
Wands
 a - a wand of flame (0/48)
 s - a wand of acid (0/15)
 E - a wand of flame (23/48)
 O - a wand of polymorph (17/24)
Scrolls
 m - a scroll of enchant armour
 u - 3 scrolls of recharging
 v - 5 scrolls of remove curse
 z - a scroll of holy word
 A - a scroll of blinking
 L - a scroll of teleportation
 U - a scroll of amnesia
Potions
 d - a potion of cancellation
 r - a potion of invisibility {unknown}
 N - a potion of agility
 P - a potion of cure mutation {unknown}
 T - a potion of resistance
Books
 b - a book of Necromancy

   Spells                             Type                      Level
   a - Pain                           Necromancy                   1
   b - Animate Skeleton               Necromancy                   1
   c - Vampiric Draining              Necromancy                   3
   d - Regeneration                   Charms/Necromancy            3
   e - Animate Dead                   Necromancy                   4
   f - Control Undead                 Necromancy                   4
 M - a book of Changes

   Spells                             Type                      Level
   a - Beastly Appendage              Transmutation                1
   b - Sticks to Snakes               Transmutation                2
   c - Spider Form                    Transmutation/Poison         3
   d - Ice Form                       Ice/Transmutation            4
   e - Blade Hands                    Transmutation                5
 S - a book of Battle

   Spells                             Type                      Level
   a - Infusion                       Charms                       1
   b - Shroud of Golubria             Charms/Translocation         2
   c - Song of Slaying                Charms                       2
   d - Spectral Weapon                Hexes/Charms                 3
   e - Regeneration                   Charms/Necromancy            3
Comestibles
 c - 9 bread rations
 C - 5 fruits
 H - a beef jerky
 Q - 2 meat rations
 V - a chunk of flesh


   Skills:
 * Level 9.5 Fighting
 * Level 11.0 Maces & Flails
 + Level 6.1 Armour
 + Level 9.3 Dodging
 - Level 2.0(1.9) Stealth
 - Level 2.0(1.9) Spellcasting
 - Level 4.0(3.9) Necromancy


You had 10 spell levels left.
You knew the following spells:

 Your Spells              Type           Power        Failure   Level  Hunger
a - Pain                  Necr           ####         1%          1    None
b - Regeneration          Chrm/Necr      ##........   14%         3    ###....


Dungeon Overview and Level Annotations

Branches:
Dungeon (10/15)            Temple (1/1) D:5            Lair (0/8) D:10
    Orc: D:9-12

Altars:
Ashenzari
Cheibriados
Dithmenos
Fedhas
Gozag
Kikubaaqudgha
Makhleb
Nemelex Xobeh
Okawaru
Pakellas
Qazlal
Ru
Trog
Vehumet
Xom
Zin

Shops:
D:7 ?%

Annotations:
D:4 Duvessa


Innate Abilities, Weirdness & Mutations

((You have a pair of small horns on your head.))
Scrolls take you a little longer to read.
You possess an exceptional clarity of mind.
((Armour fits poorly on your strangely shaped body.))
Your body sometimes deteriorates upon taking damage.
You are frail (-10% HP).
You expend magic power (3 MP) to strengthen your wands.


Message History

The wraith hits you but does no damage.
You closely miss the wraith.
The wraith is severely damaged.
The wraith hits you but does no damage.
You hit the wraith but do no damage.
The wraith is severely damaged.
You hit the wraith.
The wraith is almost destroyed.
The wraith hits you but does no damage.
You closely miss the wraith.
The wraith is almost destroyed.
You hit the wraith.
You destroy the wraith!
Cheibriados thoroughly appreciates the change of pace.
Cheibriados raises the support of your attributes as your movement slows.
You cannot move.
You hit the wraith.
The wraith is moderately damaged.
The wraith hits you.
You die...

.# #.# .# .. ## ## #
... ... #.# #.# #.#
####### #[# #.(..(#
#.# ## #.###.# #♣# .
#)#<#.# #W# .# .#
#...#(####z##.#
#...#######(††..z...#
............z.#...#.#
#...###.###.#.#...# #
.# #.#)#...#
#.#.....# ..##....#


You could see a wraith and 2 wights.

Vanquished Creatures
  Josephine (D:10)
  Erolcha (D:9)
  Harold (D:10)
  Sonja (D:10)
  Pikel (D:8)
  A troll (D:9)
  A merfolk (D:9)
  3 wraiths (D:10)
  A wyvern (D:8)
  Eustachio (D:4)
  A steam dragon (D:8)
  An orc warrior (D:9)
  An ice beast (D:9)
  A slave (D:8)
  2 sky beasts
  A black bear (D:9)
  2 ogres
  2 phantoms
  4 giant frogs
  2 wyvern zombies
  Dowan (D:4)
  A scorpion (D:6)
  8 killer bees
  A wight (D:10)
  4 howler monkeys
  4 crimson imps
  2 giant frog zombies
  A quasit (D:10)
  2 centaur skeletons
  4 hounds
  2 orc priests
  A jelly (D:6)
  5 orc wizards
  Crazy Yiuf (D:3)
  Ijyb (D:2)
  2 iguanas
  9 worker ants
  A hound skeleton (D:4)
  2 worker ant zombies (D:6)
  4 gnolls
  A howler monkey skeleton (D:9)
  9 adders
  A shadow imp (D:7)
  An adder skeleton (D:5)
  4 worms
  2 dart slugs
  6 giant geckos
  24 orcs
  5 giant cockroaches
  5 goblins
  7 hobgoblins
  9 jackals
  3 kobolds
  6 quokkas
  9 bats
  A giant cockroach zombie (D:6)
  A giant gecko skeleton (D:7)
  2 giant newts
  A quokka skeleton (D:6)
  A quokka zombie (D:9)
  6 rats
189 creatures vanquished.

Vanquished Creatures (others)
  A slave (D:8)
  A worker ant (D:8)
  3 killer bees (D:9)
  A crimson imp (D:8)
  A centaur zombie (D:8)
  3 gnolls (D:8)
  A shadow imp (D:9)
11 creatures vanquished.

Grand Total: 200 creatures vanquished

Notes
Turn   | Place    | Note
--------------------------------------------------------------
     0 | D:1      | wvc the Human Necromancer began the quest for the Orb.
     0 | D:1      | Reached XP level 1. HP: 13/13 MP: 3/3
   257 | D:1      | Reached skill level 1 in Fighting
   257 | D:1      | Reached XP level 2. HP: 17/21 MP: 1/5
   786 | D:1      | Reached skill level 1 in Maces & Flails
   786 | D:1      | Reached XP level 3. HP: 26/26 MP: 2/6
  1025 | D:1      | Learned a level 3 spell: Regeneration
  1095 | D:2      | Noticed Ijyb
  1121 | D:2      | Killed Ijyb
  1121 | D:2      | Reached XP level 4. HP: 16/33 MP: 1/7
  1278 | D:2      | Reached skill level 2 in Maces & Flails
  1960 | D:3      | Noticed Crazy Yiuf
  1969 | D:3      | Killed Crazy Yiuf
  1969 | D:3      | Reached XP level 5. HP: 3/38 MP: 2/8
  2460 | D:3      | Gained mutation: Your body sometimes deteriorates upon taking damage. [potion of mutation]
  2460 | D:3      | Gained mutation: Armour fits poorly on your strangely shaped body. [potion of mutation]
  2460 | D:3      | Gained mutation: You possess an exceptional clarity of mind. [potion of mutation]
  2461 | D:3      | Gained mutation: You have a pair of small horns on your head. [potion of mutation]
  2461 | D:3      | Gained mutation: You expend magic power (3 MP) to strengthen your wands. [potion of mutation]
  2814 | D:4      | Noticed Duvessa
  2814 | D:4      | Noticed Dowan
  2833 | D:4      | Killed Dowan
  2833 | D:4      | Reached XP level 6. HP: 37/46 MP: 1/9
  2888 | D:4      | Reached skill level 3 in Maces & Flails
  3000 | D:4      | Noticed Eustachio
  3044 | D:4      | Killed Eustachio
  3816 | D:5      | Entered Level 5 of the Dungeon
  4184 | D:5      | Reached XP level 7. HP: 50/52 MP: 10/10
  4189 | D:5      | Reached skill level 8 in Maces & Flails
  4189 | D:5      | Reached skill level 5 in Armour
  4189 | D:5      | Reached XP level 8. HP: 63/65 MP: 11/11
  4349 | D:5      | Found a staircase to the Ecumenical Temple.
  4378 | Temple   | Entered the Ecumenical Temple
  4589 | D:6      | Found a shadowy altar of Dithmenos.
  4668 | D:6      | Reached skill level 9 in Maces & Flails
  5749 | D:7      | Found Fekojato's Distillery.
  5770 | D:7      | Got a brightly glowing whip
  5771 | D:7      | Identified the +5 whip "Qitydi" {slash, Int+5} (You found it on level 7 of the Dungeon)
  5829 | D:7      | Reached XP level 9. HP: 32/71 MP: 8/12
  6219 | D:7      | Found Gasyat's Magic Scroll Boutique.
  6224 | D:7      | Bought a scroll of enchant armour for 82 gold pieces
  6774 | D:7      | Found Tuch's Food Boutique.
  7309 | D:8      | Noticed Pikel
  7361 | D:8      | Killed Pikel
  7416 | D:8      | Found a radiant altar of Vehumet.
  7424 | D:8      | Reached XP level 10. HP: 48/80 MP: 13/13
  8150 | D:9      | Reached skill level 10 in Maces & Flails
  8306 | D:9      | Gained mutation: Scrolls take you a little longer to read. [mutagenic meat]
  8307 | D:9      | Gained mutation: You are frail (-10% HP). [mutagenic meat]
  8329 | D:9      | Noticed Erolcha
  8349 | D:9      | Killed Erolcha
  8404 | D:9      | Found a snail-covered altar of Cheibriados.
  8404 | D:9      | Found a sacrificial altar of Ru.
  8406 | D:9      | Found an ancient bone altar of Kikubaaqudgha.
  8410 | D:9      | Became a worshipper of Cheibriados the Contemplative
  9071 | D:10     | Entered Level 10 of the Dungeon
  9122 | D:10     | Noticed Harold
  9130 | D:10     | Reached * piety under Cheibriados
  9131 | D:10     | Noticed Sonja
  9189 | D:10     | Killed Harold
  9189 | D:10     | Reached XP level 11. HP: 14/78 MP: 2/14
  9484 | D:10     | Found a bloodstained altar of Trog.
  9575 | D:10     | Found a staircase to the Lair.
  9904 | D:10     | Killed Sonja
 10442 | D:10     | Noticed Josephine
 10458 | D:10     | Killed Josephine
 10458 | D:10     | Reached skill level 11 in Maces & Flails
 10502 | D:10     | HP: 2/120 [wraith[Josephine] (6)]
 10509 | D:10     | Reached ** piety under Cheibriados
 10511 | D:10     | Slain by a wraith

Vault maps used:
D:1:      minmay_arrival_split_and_join, minmay_stone_trees_small
D:2:      forest_paths, grunt_temple_overflow_cloverleaf, wad_orctagon,
          uniq_iyjb
D:3:      first_bread, uniq_crazy_yiuf_cottage
D:4:      uniq_duvessa, uniq_eustachio
D:5:      minmay_temple_entry_glassed_door
D:6:      lemuel_tele_altar
D:7:      serial_shops, kennysheep_mini_moat, shop, nicolae_shop_stone
D:8:      overflow_temple_1_default, uniq_pikel
D:9:      gammafunk_temple_overflow_forgotten, hangedman_fish_farm,
          lemuel_old_faithful, uniq_erolcha
D:10:     lair_0_dummy, basic_altar, roderic_roman_lattice, trog_book,
          uniq_harold, uniq_josephine, uniq_nergalle, uniq_sonja
Temple:   circular_temple_12

Skill      XL: |  1  2  3  4  5  6  7  8  9 10 11 |
---------------+----------------------------------+-----
Fighting       | 1 2 3 6 7 8 9 |  9.5
Maces & Flails | 1 2 3 8 9 10 11 | 11.0
Dodging        | 3 4 7 8 9 |  9.3
Armour         | 5 6 |  6.1
Stealth        | |  2.0
Spellcasting   | |  2.0
Necromancy     | |  4.0

Action                   |  1- 3 |  4- 6 |  7- 9 | 10-12 || total
-------------------------+-------+-------+-------+-------++-------
Melee: Unarmed           |    10 |       |       |       ||    10
       Club              |    22 |       |       |       ||    22
       Mace              |       |   105 |   211 |       ||   316
       Flail             |       |     2 |       |       ||     2
       Whip              |       |       |   112 |   341 ||   453
 Cast: Pain              |    48 |    80 |    82 |     6 ||   216
Evoke: Wand              |       |       |       |     7 ||     7
  Use: Scroll            |     4 |     7 |    11 |     1 ||    23
       Potion            |       |     2 |     7 |     6 ||    15
 Stab: Sleeping          |       |     4 |     4 |     3 ||    11
       Distracted        |       |       |     2 |     3 ||     5
  Eat: Chunk             |     1 |     5 |    15 |    13 ||    34
       Fruit             |       |     3 |       |       ||     3
       Beef jerky        |       |     2 |       |       ||     2
       Bread ration      |       |       |     1 |       ||     1
